 Dungeon Crawl Stone Soup version 0.28-a0-1395-g4f6bc678fa (webtiles) character file.

Game seed: 13007850604379561505

4907 vineage the Fighter (level 10, -4/108 HPs)
             Began as a Gargoyle Fighter on Jan 4, 2022.
             Slain by an orc knight (12 damage)
             ... in a bailey.
             The game lasted 00:12:26 (12081 turns).

vineage the Fighter (Gargoyle Fighter)             Turns: 12081, Time: 00:12:27

Health: -4/108     AC: 25    Str: 29    XL:     10   Next: 51%
Magic:  10/10      EV:  2    Int:  8    God:
Gold:   275        SH:  4    Dex: 11    Spells: 9/9 levels left

rFire   . . .      SeeInvis .   l - +1 whip (flame)
rCold   . . .      Faith    .   c - +0 buckler
rNeg    + + .      Spirit   .   (armour currently unavailable)
rPois   ∞          Reflect  .   (helmet currently unavailable)
rElec   .          Harm     .   (cloak currently unavailable)
rCorr   .          Rampage  .   (gloves currently unavailable)
Will    .....      NoTele   +   (boots currently unavailable)
Stlth   +.........              (no amulet)
HPRegen 0.28/turn               e - +6 ring of strength
MPRegen 0.12/turn               q - ring of positive energy

@: tree-form
A: stationary, stasis, torment immunity, boosted hp, sickness immunity, AC +7,
negative energy resistance 1, (electricity resistance), torment resistance 1,
petrification resistance
a: no special abilities


You were in a bailey.
You were a tree.
You visited 2 branches of the dungeon, and saw 8 of its levels.
You also visited: Bailey.

You collected 275 gold pieces.

Inventory:

Hand Weapons
 a - a +1 flail
 l - a +1 whip of flaming (weapon)
Missiles
 w - a throwing net (quivered)
Armour
 b - a +0 scale mail (melded)
 c - a +0 buckler (worn)
 d - a +1 cloak (melded)
 s - a +0 hat (melded)
 v - a +0 pair of gloves (melded)
Jewellery
 e - a +6 ring of strength (left branch)
 m - a ring of fire
 p - an amulet of faith
 q - a ring of positive energy (right branch)
Wands
 i - a wand of flame (18)
 j - a wand of iceblast (8)
Potions
 f - a potion of invisibility {unknown}
 g - a potion of heal wounds
 h - a potion of attraction {unknown}
 k - 3 potions of curing
 n - a potion of resistance {unknown}
 t - a potion of lignification
 u - a potion of brilliance {unknown}


   Skills:
 - Level 12.8 Fighting
 + Level 8.1 Maces & Flails
 + Level 7.6 Armour
 - Level 3.2 Shields


You had 9 spell levels left.
You didn't know any spells.
Your spell library contained the following spells:

 Spells                   Type           Power      Damage    Failure   Level
 Ensorcelled Hibernation  Hex/Ice        0%         N/A       56%         2
 Gell's Gravitas          Tloc           0%         N/A       80%         3
 Spider Form              Tmut/Pois      0%         N/A       80%         3
 Teleport Other           Tloc           0%         N/A       80%         3
 Dispersal                Tloc           0%         N/A       100%        6


Dungeon Overview and Level Annotations

Branches:
Dungeon (7/15)             Temple (1/1) D:6          Bailey (1/1)

Altars:
Ashenzari
Cheibriados
Dithmenos
Elyvilon
Fedhas
Gozag
Kikubaaqudgha
Makhleb
Nemelex Xobeh
Qazlal
Ru
Sif Muna
Trog
Uskayaw
Vehumet
Wu Jian
The Shining One

Annotations:
D:6 2 runed translucent doors, p0werm0de's ghost, novice MiCK
D:7 2 transporters, nago's ghost, novice DsCA


Innate Abilities, Weirdness & Mutations

You are a tree.
Your roots penetrate the ground, keeping you stationary.
You cannot be teleported.
You are immune to unholy pain and torment.
Your maximum health is greatly increased.
Your equipment is partially melded.
You are immune to sickness and miasma.
((Your stone body is resilient. (AC +7)))
You are immune to poison.
You resist negative energy. (rN+)
((You are resistant to electric shocks. (rElec)))
You are resistant to unholy torment.
You are immune to petrification.


Message History

You barely miss the orc knight.
The orc knight is moderately wounded.
The orc knight hits you but does no damage.
You barely miss the orc knight.
The orc knight is moderately wounded.
You are confused.
You feel invigorated.
The orc knight hits you with a +0 war axe!
You hit the orc knight. You burn the orc knight.
The orc knight is heavily wounded.
The orc knight hits you but does no damage.
You barely miss the orc knight.
The orc knight is heavily wounded.
The orc knight hits you with a +0 war axe!
* * * LOW HITPOINT WARNING * * *
You swing at nothing.
The orc knight hits you with a +0 war axe.
* * * LOW HITPOINT WARNING * * *
You hit the orc knight but do no damage.
The orc knight is heavily wounded.
You hit the orc knight but do no damage.
The orc knight is heavily wounded.
The orc knight hits you with a +0 war axe!
* * * LOW HITPOINT WARNING * * *
You closely miss the orc knight.
The orc knight is heavily wounded.
You feel less invigorated.
You feel less confused.
The orc knight hits you with a +0 war axe.
* * * LOW HITPOINT WARNING * * *
You hit the orc knight but do no damage.
The orc knight is heavily wounded.
You closely miss the orc knight.
The orc knight is heavily wounded.
The orc knight hits you with a +0 war axe!
* * * LOW HITPOINT WARNING * * *
You hit the orc knight but do no damage.
The orc knight is heavily wounded.
The orc knight hits you with a +0 war axe!
You die...

#. #.. #.8###
#.....#######
#.8...#.....#
.....#.....# #..#..⌠..#
#..o)....+ #..)♣....+
#####)''#####
#...........#
######≈≈≈≈...≈≈≈≈######
≈≈≈≈≈≈≈≈≈≈...≈≈≈≈≈≈≈≈≈≈
≈≈≈≈≈≈≈≈≈≈...≈≈≈≈≈≈≈≈≈≈
≈≈≈≈≈≈≈≈≈≈...≈≈≈≈≈≈≈≈≈≈
≈≈≈≈≈≈≈≈≈≈...≈≈≈≈≈≈≈≈≈≈
≈≈≈≈≈≈≈.........≈≈≈≈≈≈≈


You could see an orc knight.

Vanquished Creatures
  Pikel (D:4)
  The ghost of Tenar the Digger, a novice DsEE of Gozag (D:4)
  Maggie (D:5)
  2 slime creatures (D:6)
  Eustachio (D:5)
  4 yaks (D:6)
  Menkaure (D:5)
  Edmund (D:5)
  A water moccasin (D:6)
  3 orc warriors
  2 sky beasts (D:7)
  An ice beast (D:7)
  2 black bears
  A centaur (D:7)
  3 kobold brigands (D:6)
  A gnoll sergeant (D:6)
  2 wyvern zombies (D:6)
  A water moccasin zombie (D:5)
  A wyvern skeleton (D:7)
  3 water moccasin skeletons
  An electric eel (Bailey)
  4 hounds
  An orc priest (D:3)
  8 jellies
  Crazy Yiuf (D:5)
  A bullfrog skeleton (D:7)
  3 orc wizards
  4 iguanas
  A hound skeleton (D:5)
  6 gnolls
  A howler monkey skeleton (D:6)
  12 adders
  A shadow imp (D:5)
  A white imp (D:5)
  An ufetubus (D:5)
  2 dart slugs
  17 orcs
  3 bats
  8 endoplasms
  5 giant cockroaches
  15 goblins
  7 hobgoblins
  2 jackals (D:2)
  3 quokkas
  6 ball pythons
  7 frilled lizards
  13 kobolds
  6 rats
173 creatures vanquished.

Vanquished Creatures (others)
  9 fungi
  2 plants (D:2)
  8 toadstools (D:6)
19 creatures vanquished.

Grand Total: 192 creatures vanquished

Notes
Turn   | Place    | Note
-------+----------+-------------------------------------------
     0 | D:1      | vineage the Gargoyle Fighter began the quest for the Orb.
     0 | D:1      | Reached XP level 1. HP: 14/14 MP: 1/1
   450 | D:1      | Reached XP level 2. HP: 20/20 MP: 2/2
   557 | D:1      | Reached skill level 4 in Fighting
  1802 | D:2      | Reached XP level 3. HP: 24/24 MP: 3/3
  2213 | D:2      | Found a faded altar of an unknown god.
  2225 | D:2      | Reached skill level 5 in Fighting
  2349 | D:2      | Reached XP level 4. HP: 31/31 MP: 4/4
  2839 | D:3      | Reached skill level 6 in Fighting
  2990 | D:3      | Reached XP level 5. HP: 36/36 MP: 5/5
  3617 | D:3      | Noticed a black bear
  3634 | D:3      | Killed a black bear
  3635 | D:3      | Reached skill level 7 in Fighting
  3635 | D:3      | Reached XP level 6. HP: 37/44 MP: 6/6
  4555 | D:4      | Noticed Pikel
  4614 | D:4      | Killed Pikel
  4615 | D:4      | Reached skill level 9 in Fighting
  4615 | D:4      | Reached XP level 7. HP: 36/52 MP: 7/7
  4766 | D:4      | Reached skill level 10 in Fighting
  4811 | D:4      | Noticed Tenar's ghost (novice DsEE)
  4822 | D:4      | Reached XP level 8. HP: 53/57 MP: 8/8
  4841 | D:4      | Found a runed translucent door.
  4876 | D:4      | Found a white marble altar of Elyvilon.
  5029 | D:4      | Found an ornate altar of the Wu Jian Council.
  5628 | D:4      | Killed Tenar's ghost
  5629 | D:4      | Reached skill level 11 in Fighting
  5856 | D:5      | Entered Level 5 of the Dungeon
  5970 | D:5      | Noticed Edmund
  5987 | D:5      | Killed Edmund
  6352 | D:5      | Reached skill level 12 in Fighting
  6513 | D:5      | Noticed Eustachio
  6614 | D:5      | Killed Eustachio
  7153 | D:5      | Noticed Menkaure
  7160 | D:5      | Killed Menkaure
  7161 | D:5      | Reached XP level 9. HP: 46/67 MP: 9/9
  7890 | D:5      | Found a runed translucent door.
  7891 | D:5      | Noticed Crazy Yiuf
  7899 | D:5      | Killed Crazy Yiuf
  7955 | D:6      | Noticed Maggie
  8022 | D:5      | Killed Maggie
  8651 | D:6      | Reached skill level 5 in Armour
  9141 | D:6      | Found a staircase to the Ecumenical Temple.
  9148 | Temple   | Entered the Ecumenical Temple
  9259 | D:6      | Found a sacrificial altar of Ru.
  9259 | D:6      | Found a radiant altar of Vehumet.
  9260 | D:6      | Found a broken altar of Ashenzari.
  9325 | D:6      | Found a burning altar of Makhleb.
  9358 | D:6      | Found a runed translucent door.
  9371 | D:6      | Noticed p0werm0de's ghost (novice MiCK)
  9510 | D:6      | Found a runed translucent door.
  9709 | D:6      | Reached skill level 5 in Maces & Flails
  9720 | D:6      | Reached XP level 10. HP: 36/72 MP: 10/10
 11084 | D:7      | Found a transporter.
 11340 | D:7      | Found a transporter.
 11345 | D:7      | Noticed nago's ghost (novice DsCA)
 11356 | D:7      | Noticed a two-headed ogre
 11390 | D:7      | Noticed a moth of wrath
 11431 | D:7      | Found a bloodstained altar of Trog.
 11478 | D:7      | Found a flagged portal.
 11489 | Bailey   | Entered a bailey
 12032 | Bailey   | Noticed an orc knight
 12081 | Bailey   | Slain by an orc knight

Illustrated notes

Levels and vault maps discovered:
D:1:      minmay_arrival_hallway, layout_basic, serial_aquarium,
          aquarium_bridge_square [aquarium_subvault_bridge,
          aquarium_subvault_balcony, aquarium_subvault_wall,
          aquarium_subvault_window], aquarium_bridge_square
          [aquarium_subvault_window, aquarium_subvault_wall,
          aquarium_subvault_bridge, aquarium_subvault_wall], aquarium_window_2,
          aquarium_window_2, aquarium_view_2a, bh_walls_and_bars
D:2:      minmay_razor_zed, layout_loops_cross,
          dilly_ecumenical_altar_fadedgnrine
D:3:      layout_loops_corners, minmay_fractal_squares_diagonal_5
D:4:      layout_basic, mainiacjoe_overflow_catwalk_spiral,
          hellmonk_ghost_happy_afterlife, uniq_pikel
D:5:      layout_basic, kennysheep_generic_room_11, uniq_edmund, uniq_menkaure,
          uniq_eustachio, uniq_crazy_yiuf_cottage
D:6:      cheibrodos_fertilizer, layout_basic,
          nicolae_overflow_quartered_altars, minmay_temple_entry_hall,
          ebering_ghost_sewer_f, uniq_maggie
D:7:      layout_basic, serial_shops, shop, gammafunk_ghost_wrathful_warriors,
          enter_bailey_3, chequers_hall_statues_corner_a
Temple:   cyrus_temple_forest
Bailey:   bailey_axe_of_yendor_kennysheep, bailey

Skill      XL: |  1  2  3  4  5  6  7  8  9 10 |
---------------+-------------------------------+-----
Fighting       | 4 5 6 7 9 10 12 | 12.8
Maces & Flails | 6 8 |  8.1
Armour         | 6 7 |  7.6
Shields        | |  3.2

Action                   |  1- 3 |  4- 6 |  7- 9 | 10-12 || total
-------------------------+-------+-------+-------+-------++-------
Melee: Flail             |   105 |   190 |       |       ||   295
       Whip              |       |       |   530 |   279 ||   809
  Use: Scroll            |       |     7 |     4 |     4 ||    15
       Potion            |       |     3 |     5 |     4 ||    12
Armor: Scale mail        |    76 |   111 |   263 |   117 ||   567
       Skin              |       |       |       |    15 ||    15
Dodge: Dodged            |    50 |    87 |   212 |    77 ||   426
Block: Buckler           |    20 |    50 |    94 |    34 ||   198

Table legend: (Time is in decaauts)
 A = Elapsed time spent in this place.
 B = Non-inter-level travel time spent in this place.
 C = Inter-level travel time spent in this place.
 D = Time resting spent in this place.
 E = Time spent auto-exploring this place.
 F = Levels seen in this place.
 G = Mean time per level.
                   A        B        C        D        E       F      G
               +--------+--------+--------+--------+--------+-----+--------+
         Total |  12087 |  11656 |    431 |   2419 |   7467 |   9 | 1343.0 |
       Dungeon |  11442 |  11050 |    392 |   2019 |   7386 |   7 | 1634.6 |
        Temple |     83 |     44 |     39 |      0 |     37 |   1 |   83.0 |
        Bailey |    561 |    561 |      0 |    400 |     44 |   1 |  561.0 |
               +--------+--------+--------+--------+--------+-----+--------+

Top non-repeatable levels by time:
     D:5: 2587 daAuts
     D:6: 2521 daAuts
     D:3: 1690 daAuts
     D:1: 1546 daAuts
     D:4: 1386 daAuts
     D:2: 1326 daAuts
  Bailey: 561 daAuts
     D:7: 383 daAuts
  Temple: 83 daAuts
